 Dungeon Crawl Stone Soup version 0.14.0-18-g0341e45 (webtiles) character file.

222 staplegun the Ducker (level 4, -1/23 HPs)
             Began as a Spriggan Abyssal Knight on Apr 19, 2014.
             Was a Believer of Lugonu.
             Killed from afar by an orc wizard (4 damage)
             ... with a puff of frost
             ... on Level 3 of the Dungeon.
             The game lasted 00:04:30 (2421 turns).

staplegun the Ducker (Spriggan Abyssal Knight)      Turns: 2421, Time: 00:04:32

HP  -1/23        AC  2     Str  8      XL: 4   Next: 60%
MP   9/9         EV 20     Int 13      God: Lugonu [**....]
Gold 113         SH  0     Dex 16      Spells:  0 memorised,  3 levels left

rFire  . . .     SeeInvis +     a - +1 spear
rCold  . . .     Clarity  .     b - +0 robe
rNeg   . . .     Conserve .     (shield restricted)
rPois  .         rCorr    .     (helmet restricted)
rElec  .         rRot     .     (no cloak)
SustAb . .       Spirit   .     (gloves unavailable)
rMut   .         Warding  .     (boots unavailable)
Saprov . . .     Stasis   .     (no amulet)
MR     .....                    (no ring)
                                (no ring)

@: very quick, not resistant to hostile enchantments, fairly stealthy
A: unfitting armour, see invisible, herbivore 3, speed 3, slow metabolism 2
a: Depart the Abyss, Bend Space, Renounce Religion


You were on level 3 of the Dungeon.
You worshipped Lugonu.
Lugonu was pleased with you.
You were not hungry.

You visited 1 branch of the dungeon, and saw 3 of its levels.
You visited the Abyss 1 time.

You collected 113 gold pieces.

Inventory:

Hand weapons
 a - a +1,+1 spear (weapon)
Armour
 b - a +0 robe (worn)
Comestibles
 j - an apple
 m - a snozzcumber
Scrolls
 e - 4 scrolls of identify {unknown}
 f - a scroll of fog {unknown}
 g - 5 scrolls of remove curse {unknown}
 h - a scroll of enchant weapon II {unknown}
 l - a scroll of fear {unknown}
 n - a scroll of recharging {unknown}
 r - a scroll of noise {unknown}
Potions
 c - a potion of porridge
 d - a potion of magic
 i - 2 potions of might {unknown}
 k - 2 potions of curing
 o - a potion of paralysis {unknown}
 p - a potion of invisibility {unknown}
 q - a potion of agility {unknown}
 s - a potion of poison {unknown}
 t - a potion of restore abilities {unknown}


   Skills:
 + Level 2.8 Fighting
 + Level 1.9 Polearms
 + Level 5.5 Dodging
 + Level 2.1 Stealth
 + Level 2.3 Invocations


You had 3 spell levels left.
You didn't know any spells.

Dungeon Overview and Level Annotations

Branches:
Dungeon (3/15)

Altars:


Innate Abilities, Weirdness & Mutations

You are tiny and cannot use many weapons and most armour.
You have supernaturally acute eyesight.
You are a herbivore.
You cover ground extremely quickly.
You need consume almost no food.


Message History

You reach to attack!
You hit the orc but do no damage.
The orc is severely wounded.
You closely miss the orc.
The orc is severely wounded.
The orc closely misses you.
The orc priest calls down the wrath of Beogh upon you.
Something smites you! The orc completely misses you.
An orc wizard comes into view. It is wielding a glowing dagger.
The orc throws a tomahawk.
The tomahawk misses you.
The orc wizard shouts!
The orc suddenly roars.
The orc throws a tomahawk.
The tomahawk misses you.
There is an escape hatch in the ceiling here.
The orc priest calls down the wrath of Beogh upon you.
Something smites you!
Ouch! That really hurt!
* * * LOW HITPOINT WARNING * * *
The orc wizard gestures at you while chanting.
The puff of frost hits you!
You die...

.......# .####### .# .# '######
......# ########### ......#
#.........# ......# #(........#
......#######...@.o...#
+#####............(...# .#
#.........###.o.(#
'#####.........# #....#
...............# #..o.#
...............# #..o.#
...............# #....#
...............###....###.###.#
...............'....(.......oo.


You could see an orc priest, an orc wizard and 2 orcs.

Vanquished Creatures
  3 gnolls
  2 adders (D:2)
  A giant mite (D:2)
  4 giant geckos (D:2)
  An ooze (D:2)
  An orc (D:3)
  6 bats
  4 giant cockroaches
  8 goblins
  4 hobgoblins
  5 kobolds
  2 quokkas (D:2)
  A giant newt (D:1)
  10 rats
52 creatures vanquished.

Vanquished Creatures (others)
  A hobgoblin (D:1)
  A goblin (D:1)
2 creatures vanquished.

Grand Total: 54 creatures vanquished

Notes
Turn   | Place    | Note
--------------------------------------------------------------
     0 | Abyss:1  | staplegun, the Spriggan Abyssal Knight, began the quest for the Orb.
     0 | Abyss:1  | Reached XP level 1. HP: 11/11 MP: 2/2
    76 | Abyss:1  | Noticed a queen bee
    77 | D:1      | Escaped the Abyss
   247 | D:1      | Acquired Lugonu's first power
   247 | D:1      | Reached XP level 2. HP: 14/16 MP: 4/4
   806 | D:2      | Reached skill level 4 in Dodging
   856 | D:2      | Reached XP level 3. HP: 15/19 MP: 7/7
   968 | D:2      | Reached skill level 1 in Stealth
  1559 | D:2      | Acquired Lugonu's second power
  1721 | D:2      | Reached skill level 5 in Dodging
  1721 | D:2      | Reached XP level 4. HP: 13/23 MP: 9/9
  2421 | D:3      | Killed from afar by an orc wizard

Action                   |  1- 3 |  4- 6 || total
-------------------------+-------+-------++-------
Melee: Spear             |   161 |    87 ||   248
Invok: Depart the Abyss  |     1 |       ||     1
  Use: Potion            |     2 |       ||     2
 Stab: Sleeping          |     4 |     1 ||     5
